AoeStats
← Gul_Durak

Arabia

510167232Analyzed
1v1 RM · 1d ago on Sep 29, 2026· 36m 48s· 2 players
Game mode
Random Map
Map size
Tiny (2 player)
Population
200
Speed
Normal
Resources
Standard
Victory
Conquest
Starting age
Dark Age
Ending age
Imperial Age
RankedLock teamsTeams togetherTeam positionsShared explorationLock speedFull tech treeHidden civsTurbo modeCheats
Victory
Defeat
🇦🇷 Lithuanians · Argentina
1212
+17
🇩🇪 Sicilians · Germany
1225
-17
Rush de ovejas
6:50 Loom
9:56 Feudal Age
10:14 Man-at-Arms
10:48 Double-Bit Axe
17:35 Fletching
21:55 Castle Age
21:16 Bloodlines
21:18 Forging
21:32 Gold Mining
21:37 Town Watch
23:44 Wheelbarrow
23:24 Bow Saw
24:27 Husbandry
25:56 Iron Casting
25:44 Scale Barding Armor
30:35 Chain Barding Armor
30:32 Fervor
31:29 Town Patrol
32:10 Hand Cart
35:59 Iron Casting
35:20 Bodkin Arrow
Gul_Durak
6:31 Loom
9:20 Feudal Age
9:50 Double-Bit Axe
19:57 Fletching
23:08 Castle Age
21:46 Padded Archer Armor
21:33 Horse Collar
22:35 Gold Mining
23:21 Crossbowman
23:58 Bodkin Arrow
27:29 Bow Saw
27:22 Heavy Plow
29:36 Gold Shaft Mining
30:58 Stone Mining
31:47 Scale Mail Armor
31:58 Pikeman
32:24 Gambesons
Connection lost

Rejoining the realm…

Still unreachable

The connection could not be restored.

Session expired

The server has moved on; the page needs a fresh start.